 Dungeon Crawl Stone Soup version 0.32-a0-871-ge202e49faa (webtiles) character file.

Game seed: 5788227139445378599

4280 Fractals the Protected (level 10, -5/66 HPs)
             Began as a Tengu Delver on Mar 29, 2024.
             Was an Initiate of the Shining One.
             Slain by a two-headed ogre
             ... wielding a +0 giant club
              (27 damage)
             ... on level 8 of the Dungeon.
             The game lasted 00:19:48 (8672 turns).

Fractals the Protected (Tengu Delver)               Turns: 8672, Time: 00:19:49

Health: -5/66      AC: 12    Str: 18    XL:     10   Next: 32%
Magic:  11/11      EV: 13    Int: 10    God:    the Shining One [......]
Gold:   470        SH:  0    Dex: 15    Spells: 9/9 levels left

rFire   . . .        j - +3 dire flail (holy)
rCold   . . .        (shield currently unavailable)
rNeg    . . .        m - +0 chain mail
rPois   +            (helmet restricted)
rElec   .            (no cloak)
rCorr   .            C - +0 pair of gloves
SInv    .            (boots unavailable)
Will    .....        (no amulet)
Stlth   +            k - ring of poison resistance
HPRegen 0.31/turn    (no ring)
MPRegen 0.12/turn

%: acrobat
@: flying, glowing
A: beak, talons 3, evasive flight, acrobatic
a: Renounce Religion


You were on level 8 of the Dungeon.
You worshipped the Shining One.
The Shining One was noncommittal.
You visited 2 branches of the dungeon, and saw 9 of its levels.

You collected 470 gold pieces.

Inventory:

Hand Weapons
 a - a +2 short sword of freezing
 e - a +1 whip of electrocution
 j - a +3 dire flail of holy wrath (weapon)
 p - a +2 vampiric short sword
 r - a +0 broad axe
Armour
 m - a +0 chain mail (worn)
 C - a +0 pair of gloves (worn)
Jewellery
 k - a ring of poison resistance (left hand)
 B - a +6 ring of dexterity
Wands
 g - a wand of digging (3)
Scrolls
 b - 2 scrolls of blinking
 c - 2 scrolls of fog
 d - 2 scrolls of revelation
 h - a scroll of brand weapon {unknown}
 l - a scroll of enchant armour {unknown}
 n - a scroll of teleportation
 s - a scroll of enchant weapon
 t - a scroll of amnesia {unknown}
 v - a scroll of vulnerability {unknown}
 y - 3 scrolls of identify
Potions
 f - 3 potions of haste
 i - a potion of curing
 o - a potion of resistance
 q - a potion of enlightenment
 u - a potion of magic {unknown}
 w - a potion of degeneration {unknown}
 x - a potion of brilliance {unknown}
 z - a potion of heal wounds {unknown}
 A - a potion of cancellation {unknown}


   Skills:
 + Level 9.5 Fighting
 - Level 2.1 Short Blades
 - Level 3.0 Maces & Flails
 + Level 9.6 Armour
 - Level 5.0 Dodging
 - Level 8.0 Stealth


You had 9 spell levels left.
You didn't know any spells.
Your spell library contained the following spells:

 Spells                   Type           Power      Damage    Failure   Level
 Summon Small Mammal      Summ           0%         N/A       94%         1
 Jinxbite                 Hex            0%         N/A       98%         2
 Call Canine Familiar     Summ           0%         N/A       100%        3
 Summon Blazeheart Golem  Fire/Summ      0%         N/A       100%        4
 Yara's Violent Unravell  Hex/Alch       0%         3d3       100%        5
 Enfeeble                 Hex            0%         N/A       100%        7


Dungeon Overview and Level Annotations

Branches:
Dungeon (8/15)             Temple (1/1) D:6
   Lair: D:8-11

Altars:
Cheibriados
Dithmenos
Elyvilon
Gozag
Hepliaklqana
Nemelex Xobeh
Okawaru
Qazlal
Ru
Sif Muna
Trog
Uskayaw
Vehumet
Xom
Zin
The Shining One

Annotations:
D:2 1 runed translucent door, Crazy Yiuf


Innate Abilities, Weirdness & Mutations

You have a beak for a mouth.
You have claws for feet.
Your magical flight helps you evade attacks. (EV +4)
You can magically evade attacks while moving or waiting.


Message History

You hit the yak. Your kick misses the yak. You peck the yak.
The yak is almost dead.
The yak closely misses you.
You sock the yak!
You kill the yak!
You see here a yak corpse.
You start resting.
HP restored.
You start waiting.
Done waiting.
There is a stone staircase leading down, spattered with blood here.
You fly downwards.
The two-headed ogre hits you with a +0 giant club! x2
There is a stone staircase leading up here.
Unknown command.
You hit the two-headed ogre. You claw the two-headed ogre!
The two-headed ogre is moderately wounded.
The two-headed ogre completely misses you.
The two-headed ogre barely misses you.
You puncture the two-headed ogre! You peck the two-headed ogre.
The two-headed ogre is heavily wounded.
The two-headed ogre barely misses you.
The two-headed ogre hits you with a +0 giant club.
You barely miss the two-headed ogre.
You claw the two-headed ogre, but do no damage.
You peck the two-headed ogre.
The two-headed ogre is heavily wounded.
You puncture the two-headed ogre!
You peck the two-headed ogre, but do no damage.
The two-headed ogre is severely wounded.
The two-headed ogre hits you with a +0 giant club!
The two-headed ogre hits you with a +0 giant club.
You barely miss the two-headed ogre.
The two-headed ogre is severely wounded.
The two-headed ogre barely misses you.
The two-headed ogre hits you with a +0 giant club.
You puncture the two-headed ogre! You claw the two-headed ogre.
The two-headed ogre is almost dead.
The two-headed ogre hits you with a +0 giant club!!
You die...

#......# #......# #......#
#####......# #.....######
#.....# #.....# ###
#.....# ....#+##.@O..#
..............###
..............#
..............#
##+#..............########
#.....###########........#
#.....+ #........# #.....#
#........# #.....#
#........#


You could see a two-headed ogre.

Vanquished Creatures
  5 yaks
  A wyvern (D:8)
  A vampire mosquito (D:7)
  Edmund (D:5)
  Menkaure (D:6)
  5 water moccasins (D:7)
  An orc warrior (D:7)
  2 ice beasts
  A sky beast (D:8)
  A black bear (D:6)
  2 ogres
  3 centaurs
  3 phantoms
  3 kobold brigands
  4 bullfrogs
  A gnoll sergeant (D:7)
  A killer bee (D:7)
  3 bombardier beetles (D:6)
  4 hounds
  A gnoll bouda (D:7)
  2 jellies
  2 orc priests
  A sleepcap (D:4)
  5 iguanas
  4 orc wizards
  5 gnolls (D:7)
  6 adders
  5 shadow imps
  2 white imps (D:6)
  2 dart slugs
  3 ribbon worms
  20 orcs
  9 bats
  7 endoplasms
  2 giant cockroaches
  3 goblins
  8 hobgoblins
  4 jackals (D:1)
  3 quokkas
  3 ball pythons
  4 frilled lizards
  13 kobolds
  4 rats
161 creatures vanquished.

Notes
Turn   | Place    | Note
-------+----------+-------------------------------------------
     0 | D:5      | Fractals the Tengu Delver began the quest for the Orb.
     0 | D:5      | Reached XP level 1. HP: 14/14 MP: 2/2
    20 | D:5      | Noticed a phantom
    66 | D:5      | Reached skill level 1 in Armour
    66 | D:5      | Reached XP level 2. HP: 19/19 MP: 3/3
   232 | D:1      | Reached XP level 3. HP: 23/23 MP: 4/4
   284 | D:1      | Found a faded altar of an unknown god.
   944 | D:2      | Reached XP level 4. HP: 29/29 MP: 5/5
  1407 | D:2      | Found a runed translucent door.
  1408 | D:2      | Noticed Crazy Yiuf
  1586 | D:3      | Reached XP level 5. HP: 29/34 MP: 6/6
  1887 | D:3      | Found a glowing silver altar of Zin.
  2194 | D:4      | Reached skill level 5 in Fighting
  2327 | D:4      | Reached XP level 6. HP: 35/40 MP: 7/7
  2982 | D:5      | Found a shimmering altar of Xom.
  2982 | D:5      | Found a bloodstained altar of Trog.
  2982 | D:5      | Noticed Edmund
  3035 | D:5      | HP: 2/60 [Edmund/+2 dire flail of holy wrath (5)]
  3047 | D:5      | Killed Edmund
  3048 | D:5      | Gained mutation: Your magical flight helps you evade
                  | attacks. (EV +4) [Tengu growth]
  3048 | D:5      | Reached XP level 7. HP: 21/47 MP: 8/8
  3740 | D:5      | Reached skill level 1 in Maces & Flails
  4450 | D:5      | Found a shadowy altar of Dithmenos.
  4512 | D:6      | Reached XP level 8. HP: 44/53 MP: 9/9
  4774 | D:6      | Reached skill level 5 in Armour
  5151 | D:6      | Reached skill level 5 in Dodging
  5201 | D:6      | Noticed Menkaure
  5211 | D:6      | Killed Menkaure
  5667 | D:6      | Reached XP level 9. HP: 44/57 MP: 10/10
  5802 | D:6      | Found a staircase to the Ecumenical Temple.
  5811 | Temple   | Entered the Ecumenical Temple
  5854 | Temple   | Became a worshipper of the Shining One
  7687 | D:8      | Reached XP level 10. HP: 34/65 MP: 11/11
  8467 | D:8      | Noticed a two-headed ogre
  8672 | D:8      | Slain by a two-headed ogre

Illustrated notes

Levels and vault maps discovered:
D:1:      eino_arrival_tree_alley, layout_basic,
          shapermc_ecumenical_altar_notcrosses
D:2:      layout_loops_ring, minmay_tiny_reverse_x, uniq_crazy_yiuf_cottage
D:3:      layout_loops_ring, zin_academy
D:4:      layout_rooms, corexii_shack, minivault_1
D:5:      layout_basic, marbit_many_paths, mainiacjoe_overflow_divided_tiny,
          minivault_5, uniq_edmund
D:6:      minmay_angry_zag, layout_basic, lemuel_temple_firewalk_a,
          uniq_menkaure
D:7:      layout_basic, minmay_shattered_shrine
D:8:      layout_gridville, grunt_temple_overflow_growth_and_decay,
          mainiacjoe_overflow_six_doors_small, minmay_lair_entry_grove,
          uniq_jeremiah
Temple:   minmay_temple_forest_path

Skill      XL: |  1  2  3  4  5  6  7  8  9 10 |
---------------+-------------------------------+-----
Armour         | 1 2 3 7 8 9 |  9.6
Fighting       | 4 5 6 7 8 9 |  9.5
Stealth        | 6 7 8 |  8.0
Dodging        | 3 5 |  5.0
Maces & Flails | 3 |  3.0
Short Blades   | |  2.1

Action                     |  1- 3 |  4- 6 |  7- 9 | 10-12 || total
---------------------------+-------+-------+-------+-------++-------
  Melee: Short sword       |    93 |   182 |       |       ||   275
         Kick              |    20 |    55 |    62 |    23 ||   160
         Peck              |    10 |    30 |    38 |    16 ||    94
         Dire flail        |       |       |   219 |    46 ||   265
    Use: Scroll            |       |     3 |     6 |       ||     9
         Potion            |       |     3 |     1 |       ||     4
   Stab: Sleeping          |     8 |     5 |     3 |       ||    16
 Armour: Leather armour    |    29 |       |       |       ||    29
         Ring mail         |     9 |    87 |    54 |       ||   150
         Skin              |       |    23 |       |       ||    23
         Scale mail        |       |       |    35 |       ||    35
         Chain mail        |       |       |    46 |    36 ||    82
  Dodge: Dodged            |    67 |    87 |   235 |    44 ||   433

Table legend: (Time is in decaauts)
 A = Elapsed time spent in this place.
 B = Non-inter-level travel time spent in this place.
 C = Inter-level travel time spent in this place.
 D = Time resting spent in this place.
 E = Time spent auto-exploring this place.
 F = Levels seen in this place.
 G = Mean time per level.
                   A        B        C        D        E       F      G
               +--------+--------+--------+--------+--------+-----+--------+
         Total |   8667 |   8326 |    341 |   2923 |   3457 |   9 |  963.0 |
       Dungeon |   8581 |   8325 |    256 |   2923 |   3457 |   8 | 1072.6 |
        Temple |     86 |      1 |     85 |      0 |      0 |   1 |   86.0 |
               +--------+--------+--------+--------+--------+-----+--------+

Top non-repeatable levels by time:
     D:7: 2543 daAuts
     D:5: 1774 daAuts
     D:6: 1432 daAuts
     D:4: 818 daAuts
     D:3: 652 daAuts
     D:2: 620 daAuts
     D:1: 601 daAuts
     D:8: 137 daAuts
  Temple: 86 daAuts
